 Dungeon Crawl Stone Soup version 0.30-a0-166-g5d06c95188 (webtiles) character file.

Game seed: 11394323933126989439

217655 qw the Tortoise (level 19, -8/86 HPs)
             Began as a Gargoyle Fighter on Sept 29, 2022.
             Was a High Priest of Okawaru.
             Killed by divine providence
             ... invoked by a smoke demon
              (14 damage)
             ... on level 3 of the Abyss.
             The game lasted 00:16:24 (32741 turns).

qw the Tortoise (Gargoyle Fighter)                 Turns: 32741, Time: 00:16:25

Health: -8/86      AC: 59    Str: 28    XL:     19   Next: 9%
Magic:  26/26      EV: 11    Int:  5    God:    Okawaru [*****.]
Gold:   1272       SH: 17    Dex:  7    Spells: 18/18 levels left

rFire   x . .      SeeInvis .    B - +4 broad axe (freeze)
rCold   x x .      Faith    .    t - +0 kite shield
rNeg    + . .      Spirit   .    v - +1 crystal plate armour
rPois   inf        Reflect  +    D - +1 helmet "Pynlaco" {rF+ Will+}
rElec   +          Harm     .    b - +1 cloak
rCorr   .          Rampage  .    w - +2 pair of gloves
Will    ++...      Rage     9%   i - +3 pair of boots of Resilience {rPois Str+2}
Stlth   ..........               C - amulet of reflection
HPRegen 0.24/turn                y - +4 ring of protection
MPRegen 0.20/turn                x - +4 ring of evasion

@: flying, unable to read, unable to drink
A: sickness immunity, AC +14, big wings, negative energy resistance 1,
electricity resistance, torment resistance 1, petrification resistance, [berserk
2], [clumsy 1], [dopey 2], [frail 3], [screaming 1], [weak 1], [cold
vulnerability 2], [heat vulnerability 2], [subdued magic 2], [inability to drink
after injury 2], [inability to read after injury 1]
}: 1/15 runes: decaying
a: Renounce Religion, Heroism, Finesse, Duel


You were on level 3 of the Abyss.
You worshipped Okawaru.
Okawaru was extremely pleased with you.
You visited 7 branches of the dungeon, and saw 31 of its levels.
You visited the Abyss 1 time.

You collected 4001 gold pieces.
You spent 2729 gold pieces at shops.


Innate Abilities, Weirdness & Mutations

You are immune to sickness and miasma.
Your stone body is resilient. (AC +14)
You are immune to poison.
Your large and strong wings let you fly.
You resist negative energy. (rN+)
You are resistant to electric shocks. (rElec)
You are resistant to unholy torment.
You are immune to petrification.
[You have an uncontrollable temper.]
[You are clumsy. (Dex -2)]
[You are very dopey. (Int -4)]
[You are extremely frail. (-30% HP)]
[You occasionally shout uncontrollably at your foes.]
[You are weak. (Str -2)]
[You are very vulnerable to cold. (rC--)]
[You are very vulnerable to heat. (rF--)]
[Your spells are easier to cast, but less powerful.]
[You sometimes lose the ability to drink potions when taking damage.]
[You occasionally lose the ability to read scrolls when taking damage.]


   Skills:
 - Level 15.0 Fighting
 - Level 18.0 Axes
 - Level 7.0 Throwing
 - Level 19.0 Armour
 - Level 4.0 Dodging
 + Level 14.8 Shields
 - Level 10.0 Invocations


You had 18 spell levels left.
You didn't know any spells.
Your spell library was empty.

Inventory:

Hand Weapons
 B - a +4 broad axe of freezing (weapon)
Missiles
 e - 4 boomerangs
 H - 5 javelins (quivered)
Armour
 b - a +1 cloak (worn)
 c - a +2 plate armour of cold resistance
 i - the +3 pair of boots of Resilience (worn) {rPois Str+2}
   (Okawaru gifted it to you on level 1 of the Lair of Beasts)

   Str:       It affects your strength (+2).
   rPois:     It protects you from poison.
 o - the +4 helmet of the Big Bang {rPois Slay+2}
   (You found it on level 12 of the Dungeon)

   Slay:      It affects your accuracy & damage with ranged weapons and melee
   (+2).
   rPois:     It protects you from poison.
 r - +0 acid dragon scales
 t - a +0 kite shield (worn)
 v - a +1 crystal plate armour (worn)
 w - a +2 pair of gloves (worn)
 D - the +1 helmet "Pynlaco" (worn) {rF+ Will+}
   (Okawaru gifted it to you on level 5 of the Lair of Beasts)

   rF:        It protects you from fire.
   Will:      It increases your willpower.
Jewellery
 p - a ring of protection from cold
 s - a ring of resist corrosion
 u - the ring of Yzeup {Ice Int+4}
   (You found it on level 3 of the Lair of Beasts)

   [ring of ice]

   It enhances your ice magic.
   Int:       It affects your intelligence (+4).
   rF:        It makes you vulnerable to fire.
   rC:        It protects you from cold.
 x - a +4 ring of evasion (right hand)
 y - a +4 ring of protection (left hand)
 C - an amulet of reflection (around neck)
 F - a ring of protection from fire
 Y - a ring of protection from fire
Wands
 E - a wand of digging (11)
Scrolls
 a - 20 scrolls of identify
Potions
 d - 2 potions of might
 f - 2 potions of attraction
 g - 9 potions of lignification
 j - 2 potions of haste
 k - 2 potions of mutation
 l - a potion of magic
 m - 4 potions of resistance
 n - 2 potions of heal wounds
 z - 12 potions of curing
 G - 2 potions of cancellation

Dungeon Overview and Level Annotations

Branches:
Dungeon (15/15)            Temple (1/1) D:5            Lair (5/5) D:10
  Swamp (4/4) Lair:3       Spider (3/4) Lair:2        Slime (0/5) Lair:5
    Orc (2/2) D:11            Elf (0/3) Orc:2        Vaults (1/5) D:13
 Depths (0/4) D:15

Altars:
Ashenzari
Cheibriados
Dithmenos
Elyvilon
Fedhas
Gozag
Hepliaklqana
Kikubaaqudgha
Makhleb
Nemelex Xobeh
Okawaru
Qazlal
Ru
Sif Muna
Trog
Uskayaw
Vehumet
Wu Jian
Xom
Yredelemnul
Zin
The Shining One
Jiyva

Shops:
D:2 !   D:6 *=   D:13 *   Orc:2 ::[(?=(

Annotations:
D:6 1 runed translucent door, Crazy Yiuf
Lair:2 2 transporters, qw's ghost, journeyman GrFi
Lair:5 1 runed translucent door
Swamp:2 2 transporters, suomimenusko's ghost, adept NaFi
Swamp:3 3 runed translucent doors, qw's ghost, adept GrFi


Message History

The wretched star is almost destroyed.
You can drink potions again.
The wretched star glows turbulently.
The lance of force reflects off an invisible shield around you!
The lance of force hits the wretched star!!
You destroy the wretched star!
Okawaru accepts your kill.
32730 ||| DRINKING 3 potions of heal wounds.
You feel much better.
The smoke demon barely misses you. x2; You block the smoke demon's attack.
You cut the smoke demon into ribbons!!! You freeze the smoke demon.
You kill the smoke demon!
Okawaru accepts your kill.
You hear a roar!
Your base Armour skill increases to level 19!
You can read scrolls again.
A smoke demon comes into view.
The smoke demon hits you but does no damage.
You block the smoke demon's attack.
The smoke demon hits you but does no damage.
You closely miss the smoke demon. The smoke demon gestures at you.
The ball of steam hits you!!! The steam scalds you terribly!
You feel threatened and lose the ability to read scrolls!
You feel threatened and lose the ability to drink potions!
You hit the smoke demon. You freeze the smoke demon.
The smoke demon is lightly wounded.
You are engulfed in a cloud of scalding steam.
You hit the smoke demon. You freeze the smoke demon.
The smoke demon is moderately wounded.
You are engulfed in a cloud of scalding steam.
The smoke demon gestures at you. The ball of steam misses you.
You slice the smoke demon!! You freeze the smoke demon.
The smoke demon is almost dead.
You are engulfed in a cloud of scalding steam.
You feel like a meek peon again. The smoke demon gestures at you.
Something smites you!
You die...

## ## ..#. #~#
##.... . . .
..####.....
..#.##.........#
... #...#.#.....
.. #......# . .
.##.¤¤¤.#.## #
#3@¤.¤# ...
'##....¤.#. .
..#.........# .
.............# .
##.#....#......
#.#...#...#.#.#
....#..#.##..#..#
.##.##..#.. ...
## # ##.# #.#...
..


You could see a smoke demon.

Vanquished Creatures
  Nikola (Spider:3)
  A shard shrike skeleton (Abyss:2)
  2 tentacled starspawn
  Frances (Swamp:1)
  2 thorn hunters
  2 emperor scorpions
  A fenstrider witch (Swamp:3)
  2 vault wardens (Vaults:1)
  An orc warlord (Orc:1)
  2 ghost moths
  3 broodmothers
  2 ironbound preservers (Vaults:1)
  5 dire elephants (Vaults:1)
  5 eleionomae
  8 bunyips
  4 spark wasps
  Snorg (D:12)
  2 ettins (Orc:1)
  5 entropy weavers
  A shambling mangrove (Swamp:4)
  A yaktaur captain (Vaults:1)
  An ice dragon (Swamp:4)
  A radroach (Spider:2)
  2 ironbound frosthearts (Vaults:1)
  A jorogumo (Spider:3)
  21 hydras
  11 alligators
  2 centaur warriors (D:13)
  A ghost crab (Swamp:2)
  2 ogre magi (Orc:2)
  4 boulder beetles
  12 two-headed ogres
  A tengu warrior (D:15)
  2 satyrs (D:15)
  Erica (D:8)
  A vampire mage (D:15)
  Urug (Lair:5)
  Amaemon (Lair:1)
  13 spriggans
  Sonja (D:12)
  3 wretched stars
  13 skeletal warriors
  5 steelbarb worms
  A sun moth (Spider:2)
  2 shadow wraiths (D:15)
  3 pharaoh ants
  4 spriggan druids
  2 goliath frogs
  10 deep trolls
  A tengu zombie (D:15)
  4 orb spiders
  9 bog bodies
  7 swamp dragons
  3 deep elf pyromancers (D:12)
  A necromancer (D:15)
  3 ironbound convokers (Vaults:1)
  A frost giant zombie (D:15)
  An orc knight (Orc:1)
  An orc sorcerer (Orc:1)
  5 lindwurms
  12 wolf spiders
  An iron dragon zombie (D:15)
  4 manticores
  An oklob plant (D:10)
  10 ugly things
  A cyclops (shapeshifter) (D:13)
  2 moths of wrath (Spider:3)
  5 will-o-the-wisps
  4 vault sentinels (Vaults:1)
  6 cyclopes
  11 elephants
  7 black mambas
  A smoke demon (Abyss:3)
  A gargoyle (D:10)
  8 cane toads
  11 torpor snails
  6 rime drakes
  8 komodo dragons
  6 demonic crawlers
  2 hellwings (Abyss:3)
  A spriggan skeleton (D:15)
  10 yaktaurs (Vaults:1)
  A guardian mummy (D:15)
  3 meliai (Spider:3)
  3 tengu conjurers (D:15)
  2 polar bears
  A tormentor (Abyss:2)
  Prince Ribbit (D:7)
  15 trolls
  A wind drake (shapeshifter) (D:13)
  20 hornets
  Grinder (D:6)
  14 blink frogs
  8 tyrant leeches
  24 tarantellas
  A harpy skeleton (Abyss:3)
  26 slime creatures
  A hornet (shapeshifter) (D:15)
  16 dream sheep
  17 jumping spiders
  A centaur simulacrum (D:14)
  3 starcursed masses (Abyss:2)
  A shadow (D:12)
  24 culicivoras
  A hog (shapeshifter) (D:13)
  A ynoxinul (Abyss:2)
  41 yaks
  7 wyverns (Lair:5)
  2 vampires
  A basilisk (shapeshifter) (D:15)
  Grum (D:8)
  12 basilisks
  4 steam dragons
  14 vampire mosquitoes
  3 small abominations
  41 redbacks
  Menkaure (D:7)
  3 acid dragons
  16 swamp worms
  4 wargs
  21 water moccasins
  13 orc warriors
  9 swamp drakes
  A sky beast (D:7)
  3 black bears
  2 ice beasts
  22 ogres
  6 centaurs
  18 wolves
  2 kobold brigands
  A necrophage (D:6)
  5 gnoll sergeants
  16 bullfrogs
  3 scorpions
  An earth elemental (D:13)
  6 wights
  3 killer bees (D:9)
  3 howler monkeys (D:12)
  8 electric eels
  2 gnoll boudas (D:6)
  A jelly (D:6)
  8 orc priests
  7 hounds
  4 iguanas
  Ijyb (D:5)
  17 orc wizards
  7 hell rats (Lair:5)
  31 gnolls
  5 adders
  A shadow imp (D:6)
  3 white imps
  3 worms (D:3)
  62 orcs
  5 ball pythons
  2 endoplasms
  3 giant cockroaches (D:3)
  6 goblins
  6 hobgoblins
  12 jackals
  5 quokkas
  4 bats
  6 frilled lizards
  16 kobolds
  7 rats
  4 briar patches (Swamp:4)
  3 starspawn tentacles
1038 creatures vanquished.

Vanquished Creatures (others)
  A spriggan (Swamp:3)
  A swamp dragon (Swamp:3)
  2 bloated husks (Swamp:3)
  A hornet (Swamp:3)
  An orc warrior (Orc:2)
  An orc wizard (D:8)
  14 foxfires
  26 fungi
  58 plants
  A starspawn tentacle (Abyss:3)
  2 withered plants (D:15)
108 creatures vanquished.

Grand Total: 1146 creatures vanquished

Notes
Turn   | Place    | Note
-------+----------+-------------------------------------------
     0 | D:1      | qw the Gargoyle Fighter began the quest for the Orb.
     0 | D:1      | Reached XP level 1. HP: 14/14 MP: 1/1
     0 | D:1      | 0 ||| qw: Version: 0.2-a-12-gaebbb33
     0 | D:1      | 0 ||| qw: Game counter: 1025
     0 | D:1      | 0 ||| qw: Always use a shield: true
     0 | D:1      | 0 ||| qw: God list: Okawaru
     0 | D:1      | 0 ||| qw: Allow faded altars: false
     0 | D:1      | 0 ||| qw: Do Orc after D:15 true
     0 | D:1      | 0 ||| qw: Do second Lair branch before Depths: true
     0 | D:1      | 0 ||| qw: Lair rune preference: random
     0 | D:1      | 0 ||| qw: Plans: Normal, Zot:1-4, God:TSO, Crypt, Tomb,
                  | Pan, Slime:5, Hells, Abyss, Orb
     0 | D:1      | 0 ||| PLANNING D:1-11
    73 | D:1      | 73 ||| Stepping ~*~*~tactically~*~*~ (stealth).
   103 | D:1      | HP: 3/14 [constriction (1)]
   106 | D:1      | Reached XP level 2. HP: 5/19 MP: 2/2
   415 | D:1      | 415 ||| DROPPING +0 club.
   466 | D:1      | Found a faded altar of an unknown god.
   765 | D:1      | 765 ||| UPGRADING to +4 chain mail.
   775 | D:1      | 775 ||| DROPPING +0 scale mail.
   776 | D:1      | 776 ||| READING scroll labelled FIAMOJ RETZA.
   777 | D:1      | 777 ||| READING 2 scrolls labelled SEYHIR GEILA.
   778 | D:1      | 778 ||| READING scroll labelled BATOGG SIFYLUNI.
   779 | D:1      | 779 ||| READING scroll labelled AMUASO VONUHAXT.
   780 | D:1      | 780 ||| READING scroll labelled KEGUITEOTH.
   784 | D:1      | 784 ||| DROPPING scroll of blinking.
   796 | D:2      | 796 ||| STAIRDANCE
   959 | D:2      | Reached skill level 3 in Axes
  1001 | D:2      | Found a sacrificial altar of Ru.
  1062 | D:2      | Reached XP level 3. HP: 21/23 MP: 3/3
  1191 | D:2      | Found Jidem's Distillery.
  1216 | D:2      | 1216 ||| BUYING potion of attraction (39 gold).
  1216 | D:2      | Bought a potion of attraction for 39 gold pieces
  1216 | D:2      | 1216 ||| SHOPLISTING potion of haste (130 gold, have 51).
  1216 | D:2      | 1216 ||| BUYING potion of lignification (39 gold).
  1216 | D:2      | Bought a potion of lignification for 39 gold pieces
  1216 | D:2      | 1216 ||| SHOPLISTING potion of might (52 gold, have 12).
  1216 | D:2      | 1216 ||| SHOPLISTING potion of mutation (104 gold, have
                  | 12).
  1394 | D:2      | 1394 ||| Stepping ~*~*~tactically~*~*~ (stealth).
  1449 | D:2      | 1449 ||| Stepping ~*~*~tactically~*~*~ (stealth).
  1463 | D:2      | Identified the +1 leather armour "Acaocoesch" {Dex+6}
  1564 | D:2      | 1564 ||| READING 2 scrolls labelled SEUMEIGIPN.
  1565 | D:2      | 1565 ||| READING scroll of enchant weapon.
  1565 | D:2      | 1565 ||| ENCHANTING +1 war axe of freezing.
  1566 | D:2      | 1566 ||| READING 2 scrolls labelled LEIFFU LIMIUF.
  1567 | D:2      | 1567 ||| READING scroll labelled NELOUT NEIPRU.
  1568 | D:2      | 1568 ||| DROPPING scroll of poison.
  1592 | D:2      | 1592 ||| STAIRDANCE
  1596 | D:2      | 1596 ||| STAIRDANCE
  1600 | D:2      | 1600 ||| STAIRDANCE
  1604 | D:2      | 1604 ||| STAIRDANCE
  1608 | D:2      | 1608 ||| STAIRDANCE
  1612 | D:2      | 1612 ||| STAIRDANCE
  1616 | D:2      | 1616 ||| STAIRDANCE
  1620 | D:2      | 1620 ||| STAIRDANCE
  1624 | D:2      | 1624 ||| STAIRDANCE
  1628 | D:2      | 1628 ||| STAIRDANCE
  1632 | D:2      | 1632 ||| STAIRDANCE
  1636 | D:2      | 1636 ||| STAIRDANCE
  1640 | D:2      | 1640 ||| STAIRDANCE
  1644 | D:2      | 1644 ||| STAIRDANCE
  1648 | D:2      | 1648 ||| STAIRDANCE
  1652 | D:2      | 1652 ||| STAIRDANCE
  1656 | D:2      | 1656 ||| STAIRDANCE
  1660 | D:2      | 1660 ||| STAIRDANCE
  1664 | D:2      | 1664 ||| STAIRDANCE
  1812 | D:3      | 1812 ||| PLANNING SEWER
  1814 | D:3      | 1814 ||| STAIRDANCE
  1825 | D:3      | Reached XP level 4. HP: 22/28 MP: 4/4
  1825 | D:3      | 1825 ||| STAIRDANCE
  1930 | D:3      | 1930 ||| Stepping ~*~*~tactically~*~*~ (stealth).
  2249 | D:3      | 2249 ||| Stepping ~*~*~tactically~*~*~ (stealth).
  2253 | D:3      | 2253 ||| Stepping ~*~*~tactically~*~*~ (stealth).
  2254 | D:3      | 2254 ||| Stepping ~*~*~tactically~*~*~ (stealth).
  2351 | D:3      | 2351 ||| Stepping ~*~*~tactically~*~*~ (hiding).
  2465 | D:3      | Identified the +0 robe of Nureh {Rampage Str+2 Int+4
                  | Archmagi}
  2575 | D:3      | 2575 ||| RIP SEWER
  2710 | D:3      | 2710 ||| PLANNING D:1-11
  2920 | D:3      | 2920 ||| READING scroll labelled NIMMYL NAQASCH.
  2921 | D:3      | 2921 ||| DRINKING 2 sapphire potions.
  2922 | D:3      | 2922 ||| READING 2 scrolls of identify.
  2922 | D:3      | 2922 ||| IDENTIFYING bubbling blue potion
  2923 | D:3      | 2923 ||| DROPPING potion of ambrosia.
  3073 | D:4      | Reached XP level 5. HP: 32/32 MP: 5/5
  3122 | D:4      | Noticed a black bear
  3131 | D:4      | Killed a black bear
  3183 | D:4      | Reached XP level 6. HP: 28/38 MP: 6/6
  3204 | D:4      | HP: 9/38 [something (1)]
  3487 | D:4      | Found a hazy altar of Hepliaklqana.
  3669 | D:4      | 3669 ||| UPGRADING to +0 helmet.
  3674 | D:4      | 3674 ||| READING scroll labelled PYETETH WODDED.
  3693 | D:5      | Entered Level 5 of the Dungeon
  3694 | D:5      | 3694 ||| PLANNING OSSUARY
  3797 | D:5      | Found a staircase to the Ecumenical Temple.
  3817 | D:5      | Noticed Ijyb
  3825 | D:5      | Killed Ijyb
  3967 | D:5      | 3967 ||| Stepping ~*~*~tactically~*~*~ (hiding).
  3969 | D:5      | 3969 ||| Stepping ~*~*~tactically~*~*~ (hiding).
  4023 | D:5      | 4023 ||| FLEEEEING.
  4024 | D:5      | 4024 ||| FLEEEEING.
  4025 | D:5      | 4025 ||| FLEEEEING.
  4026 | D:5      | 4026 ||| FLEEEEING.
  4027 | D:5      | 4027 ||| FLEEEEING.
  4035 | D:5      | HP: 9/38 [ogre/+0 giant spiked club (17)]
  4036 | D:5      | 4036 ||| READING 2 scrolls of teleportation.
  4037 | D:5      | 4037 ||| DRINKING potion of heal wounds.
  4041 | D:5      | Reached skill level 6 in Axes
  4041 | D:5      | Reached XP level 7. HP: 30/43 MP: 7/7
  4223 | D:5      | Reached skill level 1 in Dodging
  4480 | D:5      | 4480 ||| RIP OSSUARY
  4481 | D:5      | 4481 ||| PLANNING TEMPLE
  4481 | D:5      | 4481 ||| UPGRADING to +0 cloak.
  4486 | D:5      | 4486 ||| UPGRADING to +6 ring of dexterity.
  4539 | Temple   | Entered the Ecumenical Temple
  4557 | Temple   | 4557 ||| PLANNING OKAWARU WORSHIP
  4715 | Temple   | Became a worshipper of Warmaster Okawaru
  4716 | Temple   | 4716 ||| PLANNING D:1-11
  4793 | D:5      | 4793 ||| UPGRADING to ring of protection from fire.
  4811 | D:6      | 4811 ||| Stepping ~*~*~tactically~*~*~ (hiding).
  4857 | D:6      | 4857 ||| DROPPING +0 whip.
  4870 | D:6      | 4870 ||| Stepping ~*~*~tactically~*~*~ (stealth).
  4871 | D:6      | 4871 ||| Stepping ~*~*~tactically~*~*~ (stealth).
  4877 | D:6      | 4877 ||| STAIRDANCE
  4879 | D:6      | 4879 ||| STAIRDANCE
  5056 | D:5      | 5056 ||| READING 2 scrolls of identify.
  5056 | D:5      | 5056 ||| IDENTIFYING amethyst potion
  5060 | D:6      | Noticed Grinder
  5061 | D:6      | 5061 ||| Stepping ~*~*~tactically~*~*~ (hiding).
  5071 | D:6      | Paralysed by Grinder for 2 turns
  5074 | D:6      | Killed Grinder
  5074 | D:6      | Reached * piety under Okawaru
  5075 | D:6      | Reached XP level 8. HP: 48/51 MP: 8/8
  5122 | D:6      | Found Othras's Jewellery Shoppe.
  5139 | D:6      | 5139 ||| SHOPLISTING +6 ring of strength (540 gold, have
                  | 204).
  5139 | D:6      | 5139 ||| SHOPLISTING amulet of the acrobat (450 gold, have
                  | 204).
  5139 | D:6      | 5139 ||| SHOPLISTING ring of Jietegit {Wiz Dex+5} (712
                  | gold, have 204).
  5139 | D:6      | 5139 ||| SHOPLISTING ring of ice (375 gold, have 204).
  5139 | D:6      | 5139 ||| SHOPLISTING ring of resist corrosion (300 gold,
                  | have 204).
  5159 | D:6      | Reached skill level 1 in Invocations
  5183 | D:6      | 5183 ||| INVOKING Heroism.
  5211 | D:6      | 5211 ||| FLEEEEING.
  5212 | D:6      | 5212 ||| FLEEEEING.
  5213 | D:6      | 5213 ||| STAIRDANCE
  5330 | D:6      | 5330 ||| STAIRDANCE
  5374 | D:6      | 5374 ||| INVOKING Heroism.
  5376 | D:6      | Reached skill level 3 in Invocations
  5589 | D:6      | Found Joeloig's Overcharged Wands.
  5605 | D:6      | 5605 ||| DROPPING +1 vorpal war axe.
  5626 | D:6      | 5626 ||| INVOKING Heroism.
  5710 | D:6      | Found a runed translucent door.
  5711 | D:6      | Noticed Crazy Yiuf
  5799 | D:6      | 5799 ||| Stepping ~*~*~tactically~*~*~ (stealth).
  5810 | D:6      | 5810 ||| FLEEEEING.
  5811 | D:6      | 5811 ||| FLEEEEING.
  5812 | D:6      | 5812 ||| INVOKING Heroism.
  5815 | D:6      | 5815 ||| Stepping ~*~*~tactically~*~*~ (stealth).
  5914 | D:6      | 5914 ||| INVOKING Heroism.
  5920 | D:6      | Reached skill level 4 in Armour
  5928 | D:6      | Reached skill level 6 in Fighting
  5929 | D:6      | Reached ** piety under Okawaru
  5940 | D:6      | 5940 ||| INVOKING Heroism.
  5943 | D:6      | Reached XP level 9. HP: 39/55 MP: 9/12
  6237 | D:6      | 6237 ||| INVOKING Heroism.
  6438 | D:6      | 6438 ||| DROPPING ring of flight.
  6439 | D:6      | 6439 ||| READING scroll labelled EXKASIOMNAUSCH.
  6440 | D:6      | 6440 ||| READING scroll labelled EFAOBA YBRIS.
  6441 | D:6      | 6441 ||| DRINKING 2 glowing blue potions.
  6442 | D:6      | 6442 ||| READING 3 scrolls of identify.
  6442 | D:6      | 6442 ||| IDENTIFYING clear potion
  6443 | D:6      | 6443 ||| READING 2 scrolls of identify.
  6443 | D:6      | 6443 ||| IDENTIFYING bubbling red potion
  6444 | D:6      | 6444 ||| DROPPING potion of degeneration.
  6475 | D:7      | Reached skill level 9 in Axes
  6489 | D:7      | 6489 ||| Stepping ~*~*~tactically~*~*~ (stealth).
  6490 | D:7      | 6490 ||| Stepping ~*~*~tactically~*~*~ (hiding).
  6491 | D:7      | 6491 ||| Stepping ~*~*~tactically~*~*~ (hiding).
  6492 | D:7      | 6492 ||| INVOKING Heroism.
  6493 | D:7      | 6493 ||| Stepping ~*~*~tactically~*~*~ (stealth).
  6608 | D:7      | 6608 ||| INVOKING Heroism.
  6611 | D:7      | Noticed a troll
  6625 | D:7      | Killed a troll
  6629 | D:7      | Reached *** piety under Okawaru
  6652 | D:7      | Noticed Prince Ribbit
  6653 | D:7      | 6653 ||| INVOKING Heroism.
  6657 | D:7      | 6657 ||| Stepping ~*~*~tactically~*~*~ (stealth).
  6660 | D:7      | 6660 ||| Stepping ~*~*~tactically~*~*~ (stealth).
  6667 | D:7      | 6667 ||| INVOKING Heroism.
  6672 | D:7      | HP: 10/57 [Prince Ribbit (11)]
  6673 | D:7      | 6673 ||| READING scroll of teleportation.
  6674 | D:7      | 6674 ||| DRINKING potion of heal wounds.
  6685 | D:7      | Reached skill level 5 in Armour
  6730 | D:7      | 6730 ||| INVOKING Heroism.
  6740 | D:7      | Killed Prince Ribbit
  6833 | D:7      | 6833 ||| INVOKING Heroism.
  6880 | D:7      | 6880 ||| READING scroll of brand weapon.
  6880 | D:7      | 6880 ||| BRANDING +2 war axe of freezing.
  6930 | D:7      | 6930 ||| INVOKING Heroism.
  7133 | D:7      | Reached XP level 10. HP: 62/63 MP: 13/13
  7138 | D:7      | Noticed Menkaure
  7139 | D:7      | 7139 ||| Stepping ~*~*~tactically~*~*~ (hiding).
  7142 | D:7      | 7142 ||| Stepping ~*~*~tactically~*~*~ (hiding).
  7145 | D:7      | 7145 ||| Stepping ~*~*~tactically~*~*~ (hiding).
  7146 | D:7      | 7146 ||| Stepping ~*~*~tactically~*~*~ (hiding).
  7148 | D:7      | 7148 ||| Stepping ~*~*~tactically~*~*~ (hiding).
  7150 | D:7      | 7150 ||| INVOKING Heroism.
  7158 | D:7      | Killed Menkaure
  7278 | D:7      | 7278 ||| Stepping ~*~*~tactically~*~*~ (stealth).
  7374 | D:7      | 7374 ||| UPGRADING to +0 pair of gloves.
  7379 | D:7      | 7379 ||| UPGRADING to +2 pair of boots.
  7384 | D:7      | 7384 ||| READING 3 scrolls of identify.
  7384 | D:7      | 7384 ||| IDENTIFYING purple potion
  7385 | D:7      | 7385 ||| READING 2 scrolls of identify.
  7385 | D:7      | 7385 ||| IDENTIFYING sedimented orange potion
  7388 | D:8      | Noticed Grum
  7389 | D:8      | 7389 ||| Stepping ~*~*~tactically~*~*~ (hiding).
  7391 | D:8      | 7391 ||| INVOKING Heroism.
  7413 | D:8      | Killed Grum
  7414 | D:8      | Reached skill level 6 in Armour
  7416 | D:8      | Reached **** piety under Okawaru
  7424 | D:8      | 7424 ||| Stepping ~*~*~tactically~*~*~ (hiding).
  7426 | D:8      | 7426 ||| Stepping ~*~*~tactically~*~*~ (hiding).
  7427 | D:8      | 7427 ||| INVOKING Heroism.
  7436 | D:8      | 7436 ||| DRINKING 3 potions of curing.
  7436 | D:8      | 7436 ||| (to cure confusion)
  7539 | D:8      | Found a shimmering blue altar of Sif Muna.
  7543 | D:8      | 7543 ||| INVOKING Heroism.
  7612 | D:8      | Found a sparkling altar of Nemelex Xobeh.
  7613 | D:8      | 7613 ||| INVOKING Heroism.
  7640 | D:8      | 7640 ||| INVOKING Heroism.
  7651 | D:8      | 7651 ||| DRINKING 2 potions of curing.
  7651 | D:8      | 7651 ||| (to cure confusion)
  7669 | D:8      | 7669 ||| INVOKING Heroism.
  7684 | D:8      | 7684 ||| INVOKING Heroism.
  7705 | D:8      | 7705 ||| DRINKING potion of curing.
  7705 | D:8      | 7705 ||| (to cure confusion)
  7722 | D:8      | 7722 ||| INVOKING Heroism.
  7768 | D:8      | 7768 ||| INVOKING Heroism.
  7805 | D:8      | 7805 ||| INVOKING Heroism.
  7834 | D:8      | 7834 ||| FLEEEEING.
  7835 | D:8      | 7835 ||| FLEEEEING.
  7836 | D:8      | 7836 ||| FLEEEEING.
  7837 | D:8      | 7837 ||| FLEEEEING.
  7838 | D:8      | 7838 ||| FLEEEEING.
  7839 | D:8      | 7839 ||| FLEEEEING.
  7840 | D:8      | 7840 ||| FLEEEEING.
  7841 | D:8      | 7841 ||| FLEEEEING.
  7842 | D:8      | 7842 ||| FLEEEEING.
  7843 | D:8      | 7843 ||| FLEEEEING.
  7844 | D:8      | 7844 ||| FLEEEEING.
  8022 | D:8      | Identified the +0 chain mail of Virtue {Int-4 Dex+6}
  8033 | D:8      | 8033 ||| Stepping ~*~*~tactically~*~*~ (stealth).
  8038 | D:8      | 8038 ||| Stepping ~*~*~tactically~*~*~ (hiding).
  8041 | D:8      | 8041 ||| Stepping ~*~*~tactically~*~*~ (hiding).
  8196 | D:8      | Noticed Erica
  8197 | D:8      | 8197 ||| Stepping ~*~*~tactically~*~*~ (hiding).
  8198 | D:8      | 8198 ||| Stepping ~*~*~tactically~*~*~ (hiding).
  8199 | D:8      | 8199 ||| INVOKING Heroism.
  8207 | D:8      | Killed Erica
  8264 | D:8      | 8264 ||| READING scroll of brand weapon.
  8264 | D:8      | 8264 ||| BRANDING +2 war axe of venom.
  8282 | D:8      | 8282 ||| Stepping ~*~*~tactically~*~*~ (stealth).
  8288 | D:8      | 8288 ||| Stepping ~*~*~tactically~*~*~ (stealth).
  8289 | D:8      | 8289 ||| Stepping ~*~*~tactically~*~*~ (stealth).
  8291 | D:8      | 8291 ||| Stepping ~*~*~tactically~*~*~ (stealth).
  8300 | D:8      | 8300 ||| Stepping ~*~*~tactically~*~*~ (stealth).
  8311 | D:8      | 8311 ||| READING scroll of enchant weapon.
  8311 | D:8      | 8311 ||| ENCHANTING +2 war axe of protection.
  8400 | D:8      | 8400 ||| DROPPING +0 chain mail of Virtue {Int-4 Dex+6}.
  8401 | D:8      | 8401 ||| UPGRADING to +0 kite shield.
  8411 | D:8      | 8411 ||| DROPPING +0 buckler.
  8412 | D:8      | 8412 ||| READING scroll labelled ZOLOIPH BEPN.
  8557 | D:9      | 8557 ||| SWAPPING to +0 broad axe.
  8558 | D:9      | 8558 ||| DROPPING +3 war axe of protection.
  8683 | D:9      | Noticed a two-headed ogre
  8684 | D:9      | 8684 ||| INVOKING Heroism.
  8697 | D:9      | Killed a two-headed ogre
  8697 | D:9      | Received a gift from Okawaru
  8698 | D:9      | Reached skill level 6 in Shields
  9398 | D:9      | 9398 ||| DROPPING amulet of magic regeneration.
  9423 | D:10     | Entered Level 10 of the Dungeon
  9427 | D:10     | 9427 ||| INVOKING Heroism.
  9428 | D:10     | 9428 ||| STAIRDANCE
  9443 | D:10     | 9443 ||| STAIRDANCE
  9470 | D:10     | Noticed a gargoyle
  9477 | D:10     | 9477 ||| INVOKING Heroism.
  9480 | D:10     | Killed a gargoyle
  9481 | D:10     | Reached XP level 11. HP: 27/68 MP: 12/15
  9674 | D:10     | 9674 ||| DROPPING +0 flail.
  9714 | D:10     | Noticed a two-headed ogre
  9715 | D:10     | 9715 ||| INVOKING Heroism.
  9719 | D:10     | 9719 ||| Stepping ~*~*~tactically~*~*~ (stealth).
  9725 | D:10     | Killed a two-headed ogre
  9726 | D:10     | Reached skill level 6 in Invocations
  9726 | D:10     | 9726 ||| Stepping ~*~*~tactically~*~*~ (stealth).
  9727 | D:10     | 9727 ||| Stepping ~*~*~tactically~*~*~ (stealth).
  9732 | D:10     | 9732 ||| Stepping ~*~*~tactically~*~*~ (stealth).
  9733 | D:10     | 9733 ||| Stepping ~*~*~tactically~*~*~ (stealth).
  9760 | D:10     | 9760 ||| Stepping ~*~*~tactically~*~*~ (stealth).
  9771 | D:10     | 9771 ||| DRINKING potion of curing.
  9771 | D:10     | 9771 ||| (to cure confusion)
  9862 | D:10     | 9862 ||| FLEEEEING.
  9866 | D:10     | 9866 ||| FLEEEEING.
  9867 | D:10     | 9867 ||| FLEEEEING.
  9868 | D:10     | 9868 ||| FLEEEEING.
  9869 | D:10     | 9869 ||| FLEEEEING.
  9870 | D:10     | 9870 ||| FLEEEEING.
  9879 | D:10     | 9879 ||| INVOKING Heroism.
 10039 | D:10     | Noticed an oklob plant
 10040 | D:10     | 10040 ||| INVOKING Heroism.
 10041 | D:10     | Found a staircase to the Lair.
 10058 | D:10     | HP: 1/68 [oklob plant/splash of acid (30)]
 10059 | D:10     | Killed an oklob plant
 10433 | D:10     | 10433 ||| FLEEEEING.
 10441 | D:10     | 10441 ||| INVOKING Heroism.
 10659 | D:10     | Found a basalt altar of Yredelemnul.
 10725 | D:10     | 10725 ||| Stepping ~*~*~tactically~*~*~ (stealth).
 10726 | D:10     | 10726 ||| INVOKING Heroism.
 10880 | D:10     | Found a sacrificial altar of Ru.
 10994 | D:10     | Found a shadowy altar of Dithmenos.
 11071 | D:10     | 11071 ||| PLANNING LAIR
 11071 | D:10     | 11071 ||| UPGRADING to +2 pair of gloves.
 11081 | D:10     | 11081 ||| DROPPING +0 pair of gloves.
 11082 | D:10     | 11082 ||| UPGRADING to amulet of regeneration.
 11087 | D:10     | 11087 ||| UPGRADING to +4 ring of protection.
 11089 | D:10     | 11089 ||| READING 7 scrolls of identify.
 11089 | D:10     | 11089 ||| IDENTIFYING smoky dark potion
 11090 | D:10     | 11090 ||| READING 6 scrolls of identify.
 11090 | D:10     | 11090 ||| IDENTIFYING blue potion
 11091 | D:10     | 11091 ||| DROPPING potion of flight.
 11092 | D:10     | 11092 ||| DROPPING potion of brilliance.
 11137 | Lair:1   | Entered Level 1 of the Lair of Beasts
 11185 | Lair:1   | 11185 ||| Stepping ~*~*~tactically~*~*~ (stealth).
 11187 | Lair:1   | 11187 ||| INVOKING Heroism.
 11350 | Lair:1   | Noticed Amaemon
 11351 | Lair:1   | 11351 ||| Stepping ~*~*~tactically~*~*~ (hiding).
 11353 | Lair:1   | 11353 ||| INVOKING Heroism.
 11367 | Lair:1   | Killed Amaemon
 11373 | Lair:1   | Reached ***** piety under Okawaru
 11377 | Lair:1   | Identified the +3 pair of boots of Resilience {rPois Str+2}
                  | (Okawaru gifted it to you on level 1 of the Lair of Beasts)
 11377 | Lair:1   | Received a gift from Okawaru
 11386 | Lair:1   | Reached skill level 9 in Shields
 11391 | Lair:1   | 11391 ||| Stepping ~*~*~tactically~*~*~ (stealth).
 11395 | Lair:1   | 11395 ||| INVOKING Heroism.
 11420 | Lair:1   | Reached skill level 9 in Invocations
 11432 | Lair:1   | 11432 ||| DROPPING +0 morningstar.
 11437 | Lair:1   | 11437 ||| Stepping ~*~*~tactically~*~*~ (stealth).
 11440 | Lair:1   | 11440 ||| INVOKING Heroism.
 11895 | Lair:1   | 11895 ||| UPGRADING to +3 pair of boots of Resilience
                  | {rPois Str+2}.
 11905 | Lair:1   | 11905 ||| DROPPING +2 pair of boots.
 11927 | Lair:2   | 11927 ||| INVOKING Heroism.
 11956 | Lair:2   | Found a frozen archway.
 11965 | Lair:2   | 11965 ||| Stepping ~*~*~tactically~*~*~ (stealth).
 11966 | Lair:2   | 11966 ||| Stepping ~*~*~tactically~*~*~ (stealth).
 11984 | Lair:2   | Reached skill level 1 in Throwing
 12027 | Lair:2   | Noticed a moth of wrath
 12036 | Lair:2   | Found a transporter.
 12041 | Lair:2   | Noticed qw's ghost (journeyman GrFi)
 12041 | Lair:2   | Noticed a moth of wrath
 12044 | Lair:2   | Noticed a four-headed hydra
 12055 | Lair:2   | 12055 ||| INVOKING Heroism.
 12061 | Lair:2   | Reached XP level 12. HP: 73/73 MP: 17/19
 12068 | Lair:2   | Reached skill level 7 in Armour
 12071 | Lair:2   | Found a transporter.
 12105 | Lair:2   | Found a hole to the Spider Nest.
 12116 | Lair:2   | 12116 ||| INVOKING Heroism.
 12181 | Lair:2   | 12181 ||| INVOKING Heroism.
 12183 | Lair:2   | 12183 ||| Stepping ~*~*~tactically~*~*~ (stealth).
 12218 | Lair:2   | Identified the +0 robe "Zoatryny" {Slay+3}
 12289 | Lair:2   | 12289 ||| Stepping ~*~*~tactically~*~*~ (stealth).
 12292 | Lair:2   | 12292 ||| INVOKING Heroism.
 12510 | Lair:2   | 12510 ||| Stepping ~*~*~tactically~*~*~ (hiding).
 12525 | Lair:2   | 12525 ||| INVOKING Heroism.
 12535 | Lair:2   | Reached skill level 9 in Fighting
 12573 | Lair:2   | 12573 ||| Stepping ~*~*~tactically~*~*~ (stealth).
 12636 | Lair:2   | 12636 ||| INVOKING Heroism.
 12641 | Lair:2   | Received a gift from Okawaru
 13135 | Lair:3   | 13135 ||| INVOKING Heroism.
 13169 | Lair:3   | 13169 ||| INVOKING Heroism.
 13218 | Lair:3   | 13218 ||| INVOKING Heroism.
 13309 | Lair:3   | 13309 ||| Stepping ~*~*~tactically~*~*~ (hiding).
 13310 | Lair:3   | 13310 ||| Stepping ~*~*~tactically~*~*~ (hiding).
 13312 | Lair:3   | 13312 ||| INVOKING Heroism.
 13331 | Lair:3   | 13331 ||| Stepping ~*~*~tactically~*~*~ (hiding).
 13340 | Lair:3   | Reached skill level 3 in Throwing
 13368 | Lair:3   | 13368 ||| Stepping ~*~*~tactically~*~*~ (hiding).
 13374 | Lair:3   | 13374 ||| INVOKING Heroism.
 13393 | Lair:3   | Reached skill level 12 in Axes
 13393 | Lair:3   | Found a staircase to the Swamp.
 13649 | Lair:3   | 13649 ||| Stepping ~*~*~tactically~*~*~ (stealth).
 13654 | Lair:3   | 13654 ||| Stepping ~*~*~tactically~*~*~ (stealth).
 13656 | Lair:3   | Received a gift from Okawaru
 13663 | Lair:3   | 13663 ||| INVOKING Heroism.
 13675 | Lair:3   | Reached skill level 8 in Armour
 13692 | Lair:3   | Reached XP level 13. HP: 71/80 MP: 20/20
 13702 | Lair:3   | 13702 ||| SWAPPING to +0 broad axe of venom.
 13703 | Lair:3   | 13703 ||| DROPPING +0 broad axe.
 13746 | Lair:3   | 13746 ||| INVOKING Heroism.
 13898 | Lair:3   | Identified the ring of Yzeup {Ice Int+4}
 14067 | Lair:4   | 14067 ||| INVOKING Heroism.
 14075 | Lair:4   | 14075 ||| Stepping ~*~*~tactically~*~*~ (stealth).
 14077 | Lair:4   | 14077 ||| Stepping ~*~*~tactically~*~*~ (stealth).
 14118 | Lair:4   | 14118 ||| INVOKING Heroism.
 14165 | Lair:4   | 14165 ||| INVOKING Heroism.
 14479 | Lair:4   | 14479 ||| Stepping ~*~*~tactically~*~*~ (stealth).
 14480 | Lair:4   | 14480 ||| INVOKING Heroism.
 14481 | Lair:4   | 14481 ||| SWAPPING to -1 demon whip of venom.
 14482 | Lair:4   | 14482 ||| INVOKING Finesse.
 14512 | Lair:4   | 14512 ||| SWAPPING to +0 broad axe of venom.
 14548 | Lair:4   | 14548 ||| FLEEEEING.
 14549 | Lair:4   | 14549 ||| INVOKING Heroism.
 14614 | Lair:4   | 14614 ||| Stepping ~*~*~tactically~*~*~ (stealth).
 14632 | Lair:4   | 14632 ||| INVOKING Heroism.
 14637 | Lair:4   | Received a gift from Okawaru
 14686 | Lair:4   | Identified the +11 longbow of Jaaquice {venom, Str+7 Int-5
                  | Dex+2}
 14797 | Lair:4   | 14797 ||| INVOKING Heroism.
 14799 | Lair:4   | 14799 ||| Stepping ~*~*~tactically~*~*~ (stealth).
 15039 | Lair:4   | 15039 ||| INVOKING Heroism.
 15053 | Lair:4   | 15053 ||| INVOKING Heroism.
 15054 | Lair:4   | 15054 ||| INVOKING Finesse.
 15058 | Lair:4   | 15058 ||| SWAPPING to -1 demon whip of venom.
 15062 | Lair:4   | 15062 ||| SWAPPING to +0 broad axe of venom.
 15171 | Lair:4   | 15171 ||| FLEEEEING.
 15172 | Lair:4   | 15172 ||| INVOKING Heroism.
 15185 | Lair:4   | 15185 ||| INVOKING Finesse.
 15202 | Lair:4   | Received a gift from Okawaru
 15203 | Lair:4   | Reached skill level 9 in Armour
 15247 | Lair:4   | 15247 ||| DROPPING +2 morningstar of protection.
 15370 | Lair:4   | 15370 ||| DROPPING ring of positive energy.
 15371 | Lair:4   | 15371 ||| DROPPING +6 ring of intelligence.
 15372 | Lair:4   | 15372 ||| READING scroll labelled REQECI BUSIGAI.
 15388 | Lair:4   | 15388 ||| READING scroll labelled ROHASHI VITAAGO.
 15388 | Lair:4   | Identified a scroll of acquirement
 15388 | Lair:4   | 15388 ||| ACQUIRING 873 gold pieces
 15388 | Lair:4   | Acquired 873 gold pieces
 15425 | Lair:5   | Entered Level 5 of the Lair of Beasts
 15430 | Lair:5   | 15430 ||| INVOKING Heroism.
 15447 | Lair:5   | 15447 ||| INVOKING Finesse.
 15454 | Lair:5   | Identified the +1 helmet "Pynlaco" {rF+ Will+} (Okawaru
                  | gifted it to you on level 5 of the Lair of Beasts)
 15454 | Lair:5   | Received a gift from Okawaru
 15455 | Lair:5   | 15455 ||| SWAPPING to -1 demon whip of venom.
 15456 | Lair:5   | 15456 ||| Stepping ~*~*~tactically~*~*~ (outnumbered).
 15457 | Lair:5   | 15457 ||| Stepping ~*~*~tactically~*~*~ (outnumbered).
 15458 | Lair:5   | 15458 ||| Stepping ~*~*~tactically~*~*~ (outnumbered).
 15459 | Lair:5   | 15459 ||| Stepping ~*~*~tactically~*~*~ (outnumbered).
 15460 | Lair:5   | 15460 ||| Stepping ~*~*~tactically~*~*~ (outnumbered).
 15461 | Lair:5   | 15461 ||| Stepping ~*~*~tactically~*~*~ (outnumbered).
 15462 | Lair:5   | 15462 ||| Stepping ~*~*~tactically~*~*~ (outnumbered).
 15481 | Lair:5   | 15481 ||| SWAPPING to +0 broad axe of venom.
 15517 | Lair:5   | 15517 ||| INVOKING Heroism.
 15518 | Lair:5   | 15518 ||| INVOKING Finesse.
 15520 | Lair:5   | 15520 ||| SWAPPING to -1 demon whip of venom.
 15535 | Lair:5   | 15535 ||| SWAPPING to +0 broad axe of venom.
 15559 | Lair:5   | Gained mutation: Your large and strong wings let you fly.
                  | [Gargoyle growth]
 15559 | Lair:5   | Reached XP level 14. HP: 74/88 MP: 16/21
 15614 | Lair:5   | 15614 ||| Stepping ~*~*~tactically~*~*~ (stealth).
 15638 | Lair:5   | 15638 ||| INVOKING Heroism.
 15733 | Lair:5   | 15733 ||| INVOKING Heroism.
 15738 | Lair:5   | Noticed Urug
 15739 | Lair:5   | 15739 ||| INVOKING Finesse.
 15766 | Lair:5   | Killed Urug
 15848 | Lair:5   | Found a viscous altar of Jiyva.
 15848 | Lair:5   | Found a staircase to the Slime Pits.
 16003 | Lair:5   | 16003 ||| Stepping ~*~*~tactically~*~*~ (stealth).
 16004 | Lair:5   | 16004 ||| Stepping ~*~*~tactically~*~*~ (stealth).
 16008 | Lair:5   | 16008 ||| INVOKING Heroism.
 16011 | Lair:5   | 16011 ||| Stepping ~*~*~tactically~*~*~ (stealth).
 16012 | Lair:5   | 16012 ||| Stepping ~*~*~tactically~*~*~ (stealth).
 16013 | Lair:5   | 16013 ||| Stepping ~*~*~tactically~*~*~ (stealth).
 16014 | Lair:5   | 16014 ||| Stepping ~*~*~tactically~*~*~ (stealth).
 16038 | Lair:5   | Reached skill level 12 in Shields
 16059 | Lair:5   | 16059 ||| Stepping ~*~*~tactically~*~*~ (stealth).
 16099 | Lair:5   | 16099 ||| INVOKING Heroism.
 16437 | Lair:5   | Found a runed translucent door.
 16439 | Lair:5   | 16439 ||| INVOKING Heroism.
 16472 | Lair:5   | 16472 ||| Stepping ~*~*~tactically~*~*~ (stealth).
 16473 | Lair:5   | 16473 ||| Stepping ~*~*~tactically~*~*~ (stealth).
 16487 | Lair:5   | 16487 ||| INVOKING Heroism.
 16495 | Lair:5   | Reached skill level 6 in Throwing
 16520 | Lair:5   | 16520 ||| INVOKING Heroism.
 16553 | Lair:5   | 16553 ||| Stepping ~*~*~tactically~*~*~ (hiding).
 16554 | Lair:5   | 16554 ||| Stepping ~*~*~tactically~*~*~ (hiding).
 16564 | Lair:5   | 16564 ||| INVOKING Heroism.
 16607 | Lair:5   | 16607 ||| READING scroll of enchant weapon.
 16607 | Lair:5   | 16607 ||| ENCHANTING +0 broad axe of venom.
 16616 | Lair:5   | 16616 ||| INVOKING Heroism.
 16714 | Lair:5   | Found a broken altar of Ashenzari.
 16900 | Lair:5   | 16900 ||| PLANNING D:1-11
 16900 | Lair:5   | 16900 ||| UPGRADING to +1 helmet "Pynlaco" {rF+ Will+}.
 16910 | Lair:5   | 16910 ||| DROPPING +0 helmet.
 16911 | Lair:5   | 16911 ||| UPGRADING to +6 ring of dexterity.
 16913 | Lair:5   | 16913 ||| READING scroll labelled DOGIKL XUGAONN.
 17140 | D:11     | Found a staircase to the Orcish Mines.
 17141 | D:11     | 17141 ||| Stepping ~*~*~tactically~*~*~ (hiding).
 17142 | D:11     | 17142 ||| Stepping ~*~*~tactically~*~*~ (hiding).
 17143 | D:11     | 17143 ||| Stepping ~*~*~tactically~*~*~ (hiding).
 17258 | D:11     | 17258 ||| INVOKING Heroism.
 17425 | D:11     | Identified the +1 chain mail "Wiagagh" {Regen+}
 17520 | D:11     | 17520 ||| INVOKING Heroism.
 17521 | D:11     | 17521 ||| INVOKING Finesse.
 17535 | D:11     | Reached skill level 3 in Dodging
 17840 | D:11     | 17840 ||| PLANNING D
 17840 | D:11     | 17840 ||| UPGRADING to +1 chain mail "Wiagagh" {Regen+}.
 17850 | D:11     | 17850 ||| DROPPING +4 chain mail.
 17880 | D:12     | 17880 ||| READING 2 scrolls of teleportation.
 17881 | D:12     | 17881 ||| FLEEEEING.
 17945 | D:12     | Found Zin's Purification Station.
 17950 | D:12     | Found a glowing silver altar of Zin.
 17953 | D:12     | 17953 ||| BUYING 2 potions of curing (180 gold).
 17953 | D:12     | Bought 2 potions of curing for 180 gold pieces
 17955 | D:12     | Noticed Sonja
 17956 | D:12     | 17956 ||| INVOKING Finesse.
 17968 | D:12     | Killed Sonja
 18006 | D:12     | Identified the +6 long sword of Big Damage {pain, rCorr
                  | Str+8 Int-3 SInv}
 18025 | D:12     | 18025 ||| READING scroll of enchant armour.
 18025 | D:12     | 18025 ||| ENCHANTING +0 cloak.
 18064 | D:12     | 18064 ||| INVOKING Heroism.
 18071 | D:12     | 18071 ||| READING scroll of teleportation.
 18098 | D:12     | 18098 ||| Stepping ~*~*~tactically~*~*~ (stealth).
 18100 | D:12     | Received a gift from Okawaru
 18118 | D:12     | 18118 ||| DROPPING -1 demon whip of venom.
 18160 | D:12     | 18160 ||| Stepping randomly (stuck).
 18161 | D:12     | 18161 ||| Stepping randomly (stuck).
 18162 | D:12     | 18162 ||| Stepping randomly (stuck).
 18163 | D:12     | 18163 ||| Stepping randomly (stuck).
 18169 | D:12     | 18169 ||| INVOKING Heroism.
 18241 | D:12     | 18241 ||| INVOKING Heroism.
 18252 | D:12     | Reached skill level 15 in Axes
 18284 | D:12     | 18284 ||| Stepping ~*~*~tactically~*~*~ (stealth).
 18285 | D:12     | 18285 ||| Stepping ~*~*~tactically~*~*~ (stealth).
 18326 | D:12     | Noticed Snorg
 18327 | D:12     | 18327 ||| INVOKING Heroism.
 18328 | D:12     | 18328 ||| INVOKING Finesse.
 18340 | D:12     | Killed Snorg
 18475 | D:12     | Identified the +4 helmet of the Big Bang {rPois Slay+2}
 18529 | D:12     | 18529 ||| INVOKING Heroism.
 18540 | D:12     | 18540 ||| INVOKING Finesse.
 18703 | D:12     | 18703 ||| UPGRADING to +4 helmet of the Big Bang {rPois
                  | Slay+2}.
 18713 | D:12     | 18713 ||| UPGRADING to ring of protection from fire.
 18763 | D:13     | 18763 ||| INVOKING Heroism.
 18764 | D:13     | 18764 ||| STAIRDANCE
 18771 | D:12     | Reached skill level 10 in Armour
 18771 | D:12     | Reached XP level 15. HP: 94/94 MP: 20/22
 18782 | D:13     | 18782 ||| STAIRDANCE
 18797 | D:12     | 18797 ||| Stepping ~*~*~tactically~*~*~ (hiding).
 18904 | D:13     | 18904 ||| INVOKING Heroism.
 18950 | D:13     | 18950 ||| Stepping ~*~*~tactically~*~*~ (hiding).
 18952 | D:13     | 18952 ||| Stepping ~*~*~tactically~*~*~ (hiding).
 18954 | D:13     | 18954 ||| Stepping ~*~*~tactically~*~*~ (hiding).
 19112 | D:13     | Found Wossiu Ewnou's Pet Rocks.
 19113 | D:13     | 19113 ||| INVOKING Heroism.
 19140 | D:13     | 19140 ||| BUYING +0 crystal plate armour (1200 gold).
 19140 | D:13     | Bought a +0 crystal plate armour for 1200 gold pieces
 19140 | D:13     | 19140 ||| BUYING wand of digging (2) (126 gold).
 19140 | D:13     | Bought a wand of digging (2) for 126 gold pieces
 19140 | D:13     | 19140 ||| BUYING wand of digging (9) (567 gold).
 19140 | D:13     | Bought a wand of digging (9) for 567 gold pieces
 19193 | D:13     | 19193 ||| Stepping ~*~*~tactically~*~*~ (hiding).
 19243 | D:13     | 19243 ||| Stepping ~*~*~tactically~*~*~ (stealth).
 19251 | D:13     | Identified the +1 cloak of Autumn {Stlth+} (Okawaru gifted
                  | it to you on level 13 of the Dungeon)
 19251 | D:13     | Received a gift from Okawaru
 19263 | D:13     | Reached skill level 12 in Fighting
 19267 | D:13     | Found a gate to the Vaults.
 19296 | D:13     | 19296 ||| INVOKING Heroism.
 19520 | D:13     | 19520 ||| UPGRADING to +0 crystal plate armour.
 19530 | D:13     | 19530 ||| DROPPING +1 chain mail "Wiagagh" {Regen+}.
 19531 | D:13     | 19531 ||| DROPPING +1 cloak of Autumn {Stlth+}.
 19532 | D:13     | 19532 ||| DROPPING ring of magical power.
 19533 | D:13     | 19533 ||| READING 11 scrolls of identify.
 19533 | D:13     | 19533 ||| IDENTIFYING fizzy brown potion
 19648 | D:14     | 19648 ||| INVOKING Heroism.
 19668 | D:14     | 19668 ||| INVOKING Heroism.
 19876 | D:14     | 19876 ||| Stepping ~*~*~tactically~*~*~ (hiding).
 19877 | D:14     | 19877 ||| INVOKING Heroism.
 19915 | D:14     | Reached skill level 11 in Armour
 20294 | D:14     | 20294 ||| READING scroll labelled FOMUMANIPH.
 20330 | D:15     | Entered Level 15 of the Dungeon
 20336 | D:15     | 20336 ||| Stepping ~*~*~tactically~*~*~ (hiding).
 20337 | D:15     | 20337 ||| Stepping ~*~*~tactically~*~*~ (hiding).
 20366 | D:15     | 20366 ||| Stepping ~*~*~tactically~*~*~ (hiding).
 20378 | D:15     | Found a bloodstained altar of Trog.
 20384 | D:15     | 20384 ||| INVOKING Heroism.
 20413 | D:15     | Reached skill level 12 in Armour
 20474 | D:15     | 20474 ||| Stepping ~*~*~tactically~*~*~ (stealth).
 20476 | D:15     | 20476 ||| Stepping ~*~*~tactically~*~*~ (stealth).
 20478 | D:15     | 20478 ||| Stepping ~*~*~tactically~*~*~ (stealth).
 20484 | D:15     | 20484 ||| Stepping ~*~*~tactically~*~*~ (stealth).
 20485 | D:15     | 20485 ||| Stepping ~*~*~tactically~*~*~ (stealth).
 20486 | D:15     | 20486 ||| INVOKING Heroism.
 20562 | D:15     | 20562 ||| FLEEEEING.
 20564 | D:15     | 20564 ||| Stepping ~*~*~tactically~*~*~ (hiding).
 20575 | D:15     | 20575 ||| Stepping ~*~*~tactically~*~*~ (hiding).
 20578 | D:15     | 20578 ||| Stepping ~*~*~tactically~*~*~ (hiding).
 20621 | D:15     | Reached skill level 13 in Armour
 20671 | D:15     | Found the +5 robe of Night {Dark Will+ SInv}
 20834 | D:15     | 20834 ||| Stepping ~*~*~tactically~*~*~ (hiding).
 20938 | D:15     | 20938 ||| INVOKING Heroism.
 20994 | D:15     | 20994 ||| INVOKING Heroism.
 20995 | D:15     | Found a staircase to the Depths.
 21018 | D:15     | Identified the -1 pair of gloves "Basuatz" {Fly Dex+2}
                  | (Okawaru gifted it to you on level 15 of the Dungeon)
 21018 | D:15     | Received a gift from Okawaru
 21458 | D:15     | 21458 ||| PLANNING ORC
 21458 | D:15     | 21458 ||| DROPPING -1 pair of gloves "Basuatz" {Fly Dex+2}.
 21551 | Orc:1    | Entered Level 1 of the Orcish Mines
 21581 | Orc:1    | 21581 ||| INVOKING Heroism.
 21739 | Orc:1    | 21739 ||| Stepping ~*~*~tactically~*~*~ (stealth).
 21740 | Orc:1    | 21740 ||| INVOKING Heroism.
 21772 | Orc:1    | Reached skill level 14 in Armour
 21787 | Orc:1    | 21787 ||| INVOKING Finesse.
 21788 | Orc:1    | 21788 ||| INVOKING Heroism.
 22016 | Orc:2    | Entered Level 2 of the Orcish Mines
 22019 | Orc:2    | 22019 ||| INVOKING Heroism.
 22021 | Orc:2    | 22021 ||| Stepping ~*~*~tactically~*~*~ (hiding).
 22028 | Orc:2    | 22028 ||| Stepping ~*~*~tactically~*~*~ (stealth).
 22030 | Orc:2    | 22030 ||| Stepping ~*~*~tactically~*~*~ (hiding).
 22032 | Orc:2    | 22032 ||| STAIRDANCE
 22068 | Orc:2    | Found a staircase to the Elven Halls.
 22069 | Orc:2    | 22069 ||| INVOKING Heroism.
 22070 | Orc:2    | 22070 ||| STAIRDANCE
 22083 | Orc:2    | 22083 ||| STAIRDANCE
 22090 | Orc:1    | Reached XP level 16. HP: 99/101 MP: 23/23
 22128 | Orc:2    | 22128 ||| INVOKING Heroism.
 22162 | Orc:2    | 22162 ||| Stepping ~*~*~tactically~*~*~ (stealth).
 22166 | Orc:2    | 22166 ||| Stepping ~*~*~tactically~*~*~ (stealth).
 22179 | Orc:2    | 22179 ||| INVOKING Heroism.
 22230 | Orc:2    | 22230 ||| FLEEEEING.
 22230 | Orc:2    | Paralysed by something for 2 turns
 22232 | Orc:2    | 22232 ||| FLEEEEING.
 22234 | Orc:2    | 22234 ||| STAIRDANCE
 22236 | Orc:1    | 22236 ||| INVOKING Heroism.
 22336 | Orc:2    | 22336 ||| STAIRDANCE
 22338 | Orc:1    | 22338 ||| INVOKING Heroism.
 22339 | Orc:1    | 22339 ||| INVOKING Finesse.
 22388 | Orc:2    | Paralysed by an ogre mage for 2 turns
 22390 | Orc:2    | 22390 ||| STAIRDANCE
 22415 | Orc:2    | Paralysed by an ogre mage for 5 turns
 22420 | Orc:2    | 22420 ||| STAIRDANCE
 22422 | Orc:1    | 22422 ||| INVOKING Heroism.
 22450 | Orc:2    | 22450 ||| STAIRDANCE
 22452 | Orc:1    | 22452 ||| INVOKING Finesse.
 22485 | Orc:2    | 22485 ||| STAIRDANCE
 22493 | Orc:2    | 22493 ||| STAIRDANCE
 22500 | Orc:2    | 22500 ||| STAIRDANCE
 22517 | Orc:2    | 22517 ||| INVOKING Heroism.
 22563 | Orc:2    | 22563 ||| INVOKING Heroism.
 22649 | Orc:2    | Found Fathua's Weapon Boutique.
 22650 | Orc:2    | Found Gioriakk's Antique Armour Emporium.
 22658 | Orc:2    | Found Lizodaih's Book Emporium.
 22661 | Orc:2    | 22661 ||| BUYING pair of spiked gloves (218 gold).
 22661 | Orc:2    | Bought a pair of spiked gloves for 218 gold pieces
 22661 | Orc:2    | Identified the +1 pair of gloves "Jit Topedi" {Int+6} (You
                  | bought it in a shop on level 2 of the Orcish Mines)
 22678 | Orc:2    | Found Rollynle's Book Shoppe.
 22750 | Orc:2    | 22750 ||| Stepping ~*~*~tactically~*~*~ (stealth).
 22751 | Orc:2    | 22751 ||| Stepping ~*~*~tactically~*~*~ (stealth).
 22753 | Orc:2    | 22753 ||| INVOKING Heroism.
 22754 | Orc:2    | Paralysed by an ogre mage for 2 turns
 22759 | Orc:2    | Identified the +0 pair of boots "Guafewu" {Str+3 Int+6}
                  | (Okawaru gifted it to you on level 2 of the Orcish Mines)
 22759 | Orc:2    | Received a gift from Okawaru
 22831 | Orc:2    | Found Vuif's Jewellery Shoppe.
 22839 | Orc:2    | Found Risheth's Weapon Emporium.
 22850 | Orc:2    | 22850 ||| BUYING amulet of reflection (360 gold).
 22850 | Orc:2    | Bought an amulet of reflection for 360 gold pieces
 22850 | Orc:2    | 22850 ||| SHOPLISTING ring of Tempters {+Blink rF+ MP+9
                  | Str+4 Dex+2} (643 gold, have 368).
 22850 | Orc:2    | 22850 ||| SHOPLISTING ring of the Breathing Gods {rC+ rN+
                  | MP+9} (634 gold, have 368).
 22963 | Orc:2    | Found Dibavile's Magic Scroll Shoppe.
 23040 | Orc:2    | 23040 ||| PLANNING SWAMP:1-3
 23040 | Orc:2    | 23040 ||| DROPPING +1 pair of gloves "Jit Topedi" {Int+6}.
 23041 | Orc:2    | 23041 ||| DROPPING +0 pair of boots "Guafewu" {Str+3
                  | Int+6}.
 23042 | Orc:2    | 23042 ||| UPGRADING to amulet of reflection.
 23052 | Orc:2    | 23052 ||| DROPPING amulet of regeneration.
 23249 | Swamp:1  | Entered Level 1 of the Swamp
 23257 | Swamp:1  | Reached skill level 15 in Armour
 23272 | Swamp:1  | 23272 ||| INVOKING Heroism.
 23304 | Swamp:1  | 23304 ||| Stepping ~*~*~tactically~*~*~ (stealth).
 23332 | Swamp:1  | 23332 ||| INVOKING Heroism.
 23380 | Swamp:1  | 23380 ||| READING scroll of brand weapon.
 23380 | Swamp:1  | 23380 ||| BRANDING +1 broad axe of venom.
 23638 | Swamp:1  | 23638 ||| INVOKING Heroism.
 23639 | Swamp:1  | 23639 ||| INVOKING Finesse.
 23640 | Swamp:1  | 23640 ||| SWAPPING to +4 war axe of flaming.
 23645 | Swamp:1  | 23645 ||| SWAPPING to +1 broad axe of freezing.
 23688 | Swamp:1  | 23688 ||| Stepping ~*~*~tactically~*~*~ (hiding).
 23702 | Swamp:1  | 23702 ||| Stepping ~*~*~tactically~*~*~ (hiding).
 23708 | Swamp:1  | 23708 ||| INVOKING Heroism.
 23808 | Swamp:1  | 23808 ||| Stepping ~*~*~tactically~*~*~ (hiding).
 23818 | Swamp:1  | 23818 ||| INVOKING Heroism.
 23972 | Swamp:1  | 23972 ||| Stepping ~*~*~tactically~*~*~ (hiding).
 24025 | Swamp:1  | Noticed Frances
 24026 | Swamp:1  | 24026 ||| Stepping ~*~*~tactically~*~*~ (hiding).
 24027 | Swamp:1  | 24027 ||| INVOKING Heroism.
 24028 | Swamp:1  | 24028 ||| INVOKING Finesse.
 24032 | Swamp:1  | Killed Frances
 24140 | Swamp:1  | 24140 ||| INVOKING Heroism.
 24237 | Swamp:1  | 24237 ||| DROPPING amulet of the acrobat.
 24238 | Swamp:1  | 24238 ||| DROPPING ring of willpower.
 24264 | Swamp:2  | 24264 ||| Stepping ~*~*~tactically~*~*~ (hiding).
 24265 | Swamp:2  | 24265 ||| Stepping ~*~*~tactically~*~*~ (hiding).
 24266 | Swamp:2  | 24266 ||| INVOKING Heroism.
 24267 | Swamp:2  | 24267 ||| SWAPPING to +4 war axe of flaming.
 24274 | Swamp:2  | 24274 ||| SWAPPING to +1 broad axe of freezing.
 24457 | Swamp:2  | 24457 ||| Stepping ~*~*~tactically~*~*~ (hiding).
 24713 | Swamp:2  | 24713 ||| Stepping ~*~*~tactically~*~*~ (hiding).
 24717 | Swamp:2  | 24717 ||| INVOKING Heroism.
 24790 | Swamp:2  | 24790 ||| INVOKING Heroism.
 24918 | Swamp:2  | 24918 ||| INVOKING Heroism.
 24924 | Swamp:2  | 24924 ||| Stepping ~*~*~tactically~*~*~ (hiding).
 25056 | Swamp:2  | 25056 ||| INVOKING Heroism.
 25057 | Swamp:2  | 25057 ||| INVOKING Finesse.
 25058 | Swamp:2  | 25058 ||| SWAPPING to +4 war axe of flaming.
 25065 | Swamp:2  | 25065 ||| SWAPPING to +1 broad axe of freezing.
 25101 | Swamp:2  | Noticed suomimenusko's ghost (adept NaFi)
 25112 | Swamp:2  | Found a transporter.
 25113 | Swamp:2  | Found a bloodstained altar of Trog.
 25120 | Swamp:2  | Found a transporter.
 25232 | Swamp:2  | Received a gift from Okawaru
 25386 | Swamp:2  | 25386 ||| INVOKING Heroism.
 25502 | Swamp:3  | Noticed a thorn hunter
 25503 | Swamp:3  | 25503 ||| INVOKING Heroism.
 25510 | Swamp:3  | Killed a thorn hunter
 25613 | Swamp:3  | 25613 ||| INVOKING Heroism.
 25626 | Swamp:3  | Reached XP level 17. HP: 102/108 MP: 24/24
 25633 | Swamp:3  | 25633 ||| Stepping ~*~*~tactically~*~*~ (stealth).
 25668 | Swamp:3  | 25668 ||| Stepping ~*~*~tactically~*~*~ (stealth).
 25669 | Swamp:3  | 25669 ||| INVOKING Heroism.
 25712 | Swamp:3  | 25712 ||| INVOKING Heroism.
 25784 | Swamp:3  | 25784 ||| Stepping ~*~*~tactically~*~*~ (hiding).
 25784 | Swamp:3  | Paralysed by a fenstrider witch for 3 turns
 25787 | Swamp:3  | 25787 ||| INVOKING Heroism.
 25809 | Swamp:3  | 25809 ||| SWAPPING to +4 war axe of flaming.
 25816 | Swamp:3  | 25816 ||| SWAPPING to +1 broad axe of freezing.
 25829 | Swamp:3  | 25829 ||| Stepping ~*~*~tactically~*~*~ (stealth).
 25844 | Swamp:3  | 25844 ||| Stepping ~*~*~tactically~*~*~ (hiding).
 25873 | Swamp:3  | Found a runed translucent gate.
 25874 | Swamp:3  | Found a runed translucent gate.
 25875 | Swamp:3  | Found a runed translucent gate.
 25875 | Swamp:3  | Noticed qw's ghost (adept GrFi)
 25876 | Swamp:3  | Noticed qw's ghost (adept GrFi)
 26011 | Swamp:3  | 26011 ||| Stepping ~*~*~tactically~*~*~ (stealth).
 26012 | Swamp:3  | 26012 ||| Stepping ~*~*~tactically~*~*~ (stealth).
 26081 | Swamp:3  | 26081 ||| Stepping ~*~*~tactically~*~*~ (hiding).
 26084 | Swamp:3  | 26084 ||| INVOKING Heroism.
 26098 | Swamp:3  | Reached skill level 16 in Armour
 26410 | Swamp:3  | 26410 ||| PLANNING SPIDER:1-3
 26410 | Swamp:3  | 26410 ||| DROPPING +6 ring of dexterity.
 26411 | Swamp:3  | 26411 ||| UPGRADING to +4 ring of evasion.
 26556 | Spider:1 | Entered Level 1 of the Spider Nest
 26557 | Spider:1 | 26557 ||| Stepping ~*~*~tactically~*~*~ (hiding).
 26558 | Spider:1 | 26558 ||| Stepping ~*~*~tactically~*~*~ (hiding).
 26559 | Spider:1 | 26559 ||| Stepping ~*~*~tactically~*~*~ (hiding).
 26562 | Spider:1 | 26562 ||| INVOKING Heroism.
 26585 | Spider:1 | 26585 ||| Stepping ~*~*~tactically~*~*~ (stealth).
 26587 | Spider:1 | 26587 ||| Stepping ~*~*~tactically~*~*~ (stealth).
 26595 | Spider:1 | 26595 ||| Stepping ~*~*~tactically~*~*~ (stealth).
 26597 | Spider:1 | 26597 ||| Stepping ~*~*~tactically~*~*~ (hiding).
 26618 | Spider:1 | 26618 ||| Stepping ~*~*~tactically~*~*~ (hiding).
 26627 | Spider:1 | 26627 ||| INVOKING Heroism.
 26649 | Spider:1 | 26649 ||| INVOKING Heroism.
 26673 | Spider:1 | 26673 ||| INVOKING Finesse.
 26842 | Spider:1 | 26842 ||| Stepping ~*~*~tactically~*~*~ (stealth).
 26846 | Spider:1 | 26846 ||| Stepping ~*~*~tactically~*~*~ (stealth).
 26851 | Spider:1 | 26851 ||| Stepping ~*~*~tactically~*~*~ (stealth).
 26895 | Spider:1 | 26895 ||| Stepping ~*~*~tactically~*~*~ (stealth).
 26909 | Spider:1 | Identified the ring of Past Mistakes {rPois MP+9 Str-4
                  | Dex+2}
 26922 | Spider:1 | 26922 ||| READING scroll of enchant armour.
 26922 | Spider:1 | 26922 ||| ENCHANTING +0 crystal plate armour.
 26954 | Spider:1 | Received a gift from Okawaru
 27107 | Spider:1 | 27107 ||| Stepping ~*~*~tactically~*~*~ (stealth).
 27316 | Spider:1 | 27316 ||| DROPPING ring of Past Mistakes {rPois MP+9 Str-4
                  | Dex+2}.
 27339 | Spider:2 | 27339 ||| Stepping ~*~*~tactically~*~*~ (hiding).
 27340 | Spider:2 | 27340 ||| INVOKING Heroism.
 27408 | Spider:2 | 27408 ||| INVOKING Heroism.
 27443 | Spider:2 | 27443 ||| Stepping ~*~*~tactically~*~*~ (hiding).
 27446 | Spider:2 | 27446 ||| Stepping ~*~*~tactically~*~*~ (hiding).
 27448 | Spider:2 | 27448 ||| INVOKING Finesse.
 27539 | Spider:2 | 27539 ||| FLEEEEING.
 27540 | Spider:2 | 27540 ||| FLEEEEING.
 27541 | Spider:2 | 27541 ||| FLEEEEING.
 27542 | Spider:2 | 27542 ||| FLEEEEING.
 27543 | Spider:2 | 27543 ||| FLEEEEING.
 27548 | Spider:2 | 27548 ||| FLEEEEING.
 27549 | Spider:2 | 27549 ||| FLEEEEING.
 27550 | Spider:2 | 27550 ||| FLEEEEING.
 27551 | Spider:2 | 27551 ||| FLEEEEING.
 27552 | Spider:2 | 27552 ||| FLEEEEING.
 27553 | Spider:2 | 27553 ||| FLEEEEING.
 27554 | Spider:2 | 27554 ||| FLEEEEING.
 27555 | Spider:2 | 27555 ||| FLEEEEING.
 27576 | Spider:2 | 27576 ||| Stepping ~*~*~tactically~*~*~ (stealth).
 27577 | Spider:2 | 27577 ||| INVOKING Finesse.
 27578 | Spider:2 | 27578 ||| INVOKING Heroism.
 27588 | Spider:2 | Reached skill level 18 in Axes
 27642 | Spider:2 | 27642 ||| Stepping ~*~*~tactically~*~*~ (stealth).
 27662 | Spider:2 | 27662 ||| Stepping ~*~*~tactically~*~*~ (stealth).
 27664 | Spider:2 | 27664 ||| Stepping ~*~*~tactically~*~*~ (stealth).
 27678 | Spider:2 | 27678 ||| Stepping ~*~*~tactically~*~*~ (stealth).
 27685 | Spider:2 | 27685 ||| INVOKING Heroism.
 27688 | Spider:2 | 27688 ||| Stepping ~*~*~tactically~*~*~ (hiding).
 27698 | Spider:2 | Received a gift from Okawaru
 27703 | Spider:2 | 27703 ||| Stepping ~*~*~tactically~*~*~ (stealth).
 27746 | Spider:2 | 27746 ||| Stepping ~*~*~tactically~*~*~ (stealth).
 27826 | Spider:2 | 27826 ||| Stepping ~*~*~tactically~*~*~ (stealth).
 27838 | Spider:2 | 27838 ||| Stepping ~*~*~tactically~*~*~ (stealth).
 27937 | Spider:2 | 27937 ||| Stepping ~*~*~tactically~*~*~ (hiding).
 27938 | Spider:2 | 27938 ||| Stepping ~*~*~tactically~*~*~ (hiding).
 27941 | Spider:2 | 27941 ||| Stepping ~*~*~tactically~*~*~ (stealth).
 27943 | Spider:2 | 27943 ||| INVOKING Heroism.
 28007 | Spider:2 | 28007 ||| INVOKING Finesse.
 28019 | Spider:2 | 28019 ||| Stepping ~*~*~tactically~*~*~ (stealth).
 28023 | Spider:2 | 28023 ||| INVOKING Heroism.
 28221 | Spider:2 | 28221 ||| INVOKING Heroism.
 28222 | Spider:2 | 28222 ||| Stepping ~*~*~tactically~*~*~ (stealth).
 28223 | Spider:2 | 28223 ||| Stepping ~*~*~tactically~*~*~ (stealth).
 28231 | Spider:2 | Received a gift from Okawaru
 28334 | Spider:3 | 28334 ||| STAIRDANCE
 28399 | Spider:3 | 28399 ||| STAIRDANCE
 28408 | Spider:3 | 28408 ||| INVOKING Heroism.
 28416 | Spider:3 | 28416 ||| STAIRDANCE
 28521 | Spider:3 | 28521 ||| INVOKING Heroism.
 28522 | Spider:3 | 28522 ||| DRINKING 9 potions of curing.
 28522 | Spider:3 | 28522 ||| (to cure confusion)
 28525 | Spider:3 | 28525 ||| INVOKING Finesse.
 28567 | Spider:3 | Reached skill level 17 in Armour
 28589 | Spider:3 | 28589 ||| INVOKING Heroism.
 28721 | Spider:3 | 28721 ||| Stepping ~*~*~tactically~*~*~ (stealth).
 28726 | Spider:3 | 28726 ||| Stepping ~*~*~tactically~*~*~ (stealth).
 28732 | Spider:3 | Identified the +0 robe "Lorphofiwn" {rF+ Dex+4} (Okawaru
                  | gifted it to you on level 3 of the Spider Nest)
 28732 | Spider:3 | Received a gift from Okawaru
 28790 | Spider:3 | 28790 ||| Stepping ~*~*~tactically~*~*~ (hiding).
 28838 | Spider:3 | 28838 ||| Stepping ~*~*~tactically~*~*~ (stealth).
 28863 | Spider:3 | 28863 ||| Stepping ~*~*~tactically~*~*~ (stealth).
 28876 | Spider:3 | Identified the +1 robe of Calculation {Drain rF++}
 28878 | Spider:3 | 28878 ||| INVOKING Heroism.
 28901 | Spider:3 | 28901 ||| Stepping ~*~*~tactically~*~*~ (stealth).
 28903 | Spider:3 | 28903 ||| Stepping ~*~*~tactically~*~*~ (stealth).
 28904 | Spider:3 | 28904 ||| Stepping ~*~*~tactically~*~*~ (stealth).
 28905 | Spider:3 | 28905 ||| Stepping ~*~*~tactically~*~*~ (stealth).
 29045 | Spider:3 | 29045 ||| Stepping ~*~*~tactically~*~*~ (stealth).
 29070 | Spider:3 | 29070 ||| Stepping ~*~*~tactically~*~*~ (stealth).
 29124 | Spider:3 | 29124 ||| Stepping ~*~*~tactically~*~*~ (stealth).
 29169 | Spider:3 | Noticed Nikola
 29170 | Spider:3 | 29170 ||| Stepping ~*~*~tactically~*~*~ (stealth).
 29171 | Spider:3 | 29171 ||| Stepping ~*~*~tactically~*~*~ (stealth).
 29173 | Spider:3 | 29173 ||| Stepping ~*~*~tactically~*~*~ (stealth).
 29175 | Spider:3 | 29175 ||| INVOKING Heroism.
 29176 | Spider:3 | 29176 ||| INVOKING Finesse.
 29188 | Spider:3 | 29188 ||| Stepping ~*~*~tactically~*~*~ (hiding).
 29196 | Spider:3 | Killed Nikola
 29197 | Spider:3 | Reached XP level 18. HP: 116/116 MP: 19/25
 29228 | Spider:3 | 29228 ||| DROPPING +4 war axe of flaming.
 29276 | Spider:3 | 29276 ||| Stepping ~*~*~tactically~*~*~ (stealth).
 29351 | Spider:3 | 29351 ||| Stepping ~*~*~tactically~*~*~ (stealth).
 29413 | Spider:3 | 29413 ||| Stepping ~*~*~tactically~*~*~ (hiding).
 29466 | Spider:3 | 29466 ||| Stepping ~*~*~tactically~*~*~ (stealth).
 29468 | Spider:3 | 29468 ||| Stepping ~*~*~tactically~*~*~ (stealth).
 29518 | Spider:3 | 29518 ||| Stepping ~*~*~tactically~*~*~ (stealth).
 29521 | Spider:3 | 29521 ||| INVOKING Heroism.
 29545 | Spider:3 | 29545 ||| Stepping ~*~*~tactically~*~*~ (stealth).
 29548 | Spider:3 | 29548 ||| Stepping ~*~*~tactically~*~*~ (stealth).
 29639 | Spider:3 | 29639 ||| INVOKING Heroism.
 29857 | Spider:3 | 29857 ||| INVOKING Heroism.
 30000 | Spider:3 | 30000 ||| READING 3 scrolls of enchant weapon.
 30000 | Spider:3 | 30000 ||| ENCHANTING +1 broad axe of freezing.
 30001 | Spider:3 | 30001 ||| READING 2 scrolls of enchant weapon.
 30001 | Spider:3 | 30001 ||| ENCHANTING +2 broad axe of freezing.
 30002 | Spider:3 | 30002 ||| READING scroll of enchant weapon.
 30002 | Spider:3 | 30002 ||| ENCHANTING +3 broad axe of freezing.
 30012 | Spider:3 | 30012 ||| INVOKING Finesse.
 30051 | Spider:3 | Identified the +2 robe of the Desert {Str+5}
 30214 | Spider:3 | 30214 ||| PLANNING SWAMP:4
 30214 | Spider:3 | 30214 ||| DROPPING ring of ice.
 30215 | Spider:3 | 30215 ||| DROPPING ring of wizardry.
 30375 | Swamp:4  | Entered Level 4 of the Swamp
 30376 | Swamp:4  | 30376 ||| INVOKING Heroism.
 30577 | Swamp:4  | 30577 ||| INVOKING Heroism.
 30716 | Swamp:4  | 30716 ||| INVOKING Heroism.
 30729 | Swamp:4  | Reached skill level 18 in Armour
 30743 | Swamp:4  | 30743 ||| Stepping ~*~*~tactically~*~*~ (stealth).
 30763 | Swamp:4  | 30763 ||| Stepping ~*~*~tactically~*~*~ (hiding).
 30765 | Swamp:4  | 30765 ||| Stepping ~*~*~tactically~*~*~ (hiding).
 30813 | Swamp:4  | 30813 ||| Stepping ~*~*~tactically~*~*~ (hiding).
 30839 | Swamp:4  | 30839 ||| Stepping ~*~*~tactically~*~*~ (stealth).
 30841 | Swamp:4  | 30841 ||| Stepping ~*~*~tactically~*~*~ (hiding).
 30846 | Swamp:4  | 30846 ||| INVOKING Heroism.
 30877 | Swamp:4  | 30877 ||| FLEEEEING.
 30932 | Swamp:4  | 30932 ||| INVOKING Heroism.
 30973 | Swamp:4  | 30973 ||| FLEEEEING.
 31164 | Swamp:4  | 31164 ||| Stepping ~*~*~tactically~*~*~ (hiding).
 31339 | Swamp:4  | Got a decaying rune of Zot
 31559 | Swamp:4  | 31559 ||| PLANNING VAULTS:1-4
 31559 | Swamp:4  | 31559 ||| UPGRADING to +1 helmet "Pynlaco" {rF+ Will+}.
 31569 | Swamp:4  | 31569 ||| DROPPING ring of see invisible.
 31822 | Vaults:1 | Entered Level 1 of the Vaults
 31826 | Vaults:1 | 31826 ||| Stepping ~*~*~tactically~*~*~ (stealth).
 31828 | Vaults:1 | 31828 ||| INVOKING Heroism.
 31839 | Vaults:1 | Received a gift from Okawaru
 31840 | Vaults:1 | Reached skill level 15 in Fighting
 31847 | Vaults:1 | 31847 ||| INVOKING Finesse.
 31853 | Vaults:1 | 31853 ||| Stepping ~*~*~tactically~*~*~ (hiding).
 31870 | Vaults:1 | 31870 ||| Stepping ~*~*~tactically~*~*~ (stealth).
 31880 | Vaults:1 | 31880 ||| Stepping ~*~*~tactically~*~*~ (stealth).
 31927 | Vaults:1 | 31927 ||| Stepping ~*~*~tactically~*~*~ (hiding).
 31931 | Vaults:1 | 31931 ||| INVOKING Heroism.
 32041 | Vaults:1 | 32041 ||| Stepping ~*~*~tactically~*~*~ (stealth).
 32042 | Vaults:1 | 32042 ||| INVOKING Heroism.
 32099 | Vaults:1 | 32099 ||| INVOKING Heroism.
 32104 | Vaults:1 | Identified the -1 hat of Gosi {-Cast rElec Dex+6} (Okawaru
                  | gifted it to you on level 1 of the Vaults)
 32104 | Vaults:1 | Received a gift from Okawaru
 32168 | Vaults:1 | 32168 ||| Stepping ~*~*~tactically~*~*~ (stealth).
 32404 | Vaults:1 | 32404 ||| INVOKING Heroism.
 32435 | Vaults:1 | 32435 ||| INVOKING Heroism.
 32445 | Abyss:2  | Cast into level 2 of the Abyss (a wizard)
 32476 | Abyss:2  | 32476 ||| INVOKING Heroism.
 32484 | Abyss:2  | Reached XP level 19. HP: 79/124 MP: 24/26
 32541 | Abyss:2  | 32541 ||| INVOKING Heroism.
 32579 | Abyss:2  | HP: 21/86 [starcursed mass/accursed screaming (7)]
 32580 | Abyss:2  | 32580 ||| READING scroll of teleportation.
 32584 | Abyss:2  | HP: 23/129 [starcursed mass/accursed screaming (10)]
 32616 | Abyss:3  | 32616 ||| INVOKING Heroism.
 32634 | Abyss:3  | 32634 ||| Stepping ~*~*~tactically~*~*~ (stealth).
 32636 | Abyss:3  | 32636 ||| Stepping ~*~*~tactically~*~*~ (stealth).
 32637 | Abyss:3  | 32637 ||| Stepping ~*~*~tactically~*~*~ (stealth).
 32638 | Abyss:3  | 32638 ||| Stepping ~*~*~tactically~*~*~ (stealth).
 32653 | Abyss:3  | 32653 ||| Stepping ~*~*~tactically~*~*~ (stealth).
 32660 | Abyss:3  | 32660 ||| Stepping ~*~*~tactically~*~*~ (stealth).
 32679 | Abyss:3  | 32679 ||| Stepping ~*~*~tactically~*~*~ (stealth).
 32683 | Abyss:3  | 32683 ||| Stepping ~*~*~tactically~*~*~ (stealth).
 32684 | Abyss:3  | 32684 ||| Stepping ~*~*~tactically~*~*~ (stealth).
 32685 | Abyss:3  | 32685 ||| INVOKING Heroism.
 32709 | Abyss:3  | 32709 ||| Stepping ~*~*~tactically~*~*~ (hiding).
 32725 | Abyss:3  | HP: 14/86 [wretched star/lance of force (16)]
 32730 | Abyss:3  | 32730 ||| DRINKING 3 potions of heal wounds.
 32733 | Abyss:3  | Reached skill level 19 in Armour
 32738 | Abyss:3  | HP: 5/86 [smoke demon/ball of steam (36)]
 32741 | Abyss:3  | Killed from afar by a smoke demon

Levels and vault maps discovered:
D:1:      ncdulo_halloftheorcs, layout_rooms, dilly_ecumenical_altar_fadedgnrine
D:2:      layout_basic, basic_altar, serial_shops, shop
D:3:      layout_loops_corners, portal_sewer_entry_f, minmay_diced_spiral
D:4:      layout_basic, kennysheep_mini_moat
D:5:      layout_gridville, minmay_temple_entry_overgrown, enter_ossuary_2,
          uniq_ijyb
D:6:      layout_cave_pools, serial_gnoll_camp, gnoll_camp_huts_basic,
          gnoll_camp_mini_shop, gnoll_camp_mini_house, gnoll_camp_mini_doghouse,
          gnoll_camp_mini_house, nicolae_shop_overcharged_wands, uniq_grinder,
          uniq_crazy_yiuf_cottage
D:7:      layout_cave_pools, serial_column_ruins, column_ruins_courtyard_long,
          column_ruins_columns_straight, column_ruins_grid_4,
          column_ruins_open_large, column_ruins_columns_dead_end,
          uniq_prince_ribbit1, uniq_menkaure
D:8:      nicolae_cairo_tiling_large_dashed, layout_rooms,
          mainiacjoe_overflow_concentric_impassable, overflow_temple_1_default,
          uniq_grum, uniq_erica
D:9:      layout_basic, kennysheep_generic_room_12
D:10:     layout_layer_cave, mainiacjoe_overflow_six_doors_small,
          lemuel_tele_altar, mainiacjoe_overflow_boulevard, dpeg_oklobed_lair,
          small_statue_intersection
D:11:     layout_loops_cross, david_orc_2
D:12:     layout_irregular_city, nicolae_wwwww, zin_purify, uniq_sonja,
          uniq_snorg
D:13:     layout_roguey, david_vaults_2, guppyfry_shop_earth
D:14:     layout_cave_pods, ebering_dispersal_statue_hall
D:15:     gammafunk_depths_entry_grave, layout_small_grid,
          trog_three_pillars_becter, hellmonk_guarded_unrand_night
Temple:   nicolae_temple_bog_church
Lair:1:   layout_loops_ring, disabler_island, infiniplex_staircase_pool_2,
          uniq_amaemon
Lair:2:   layout_regular_city, nicolae_spider_entry_tight_spaces,
          portal_ice_cave_entry_pillars_2, gammafunk_ghost_berserking_beasts,
          gammafunk_lair_bear_cave
Lair:3:   dreamdust_cave_troll, layout_loops_ring,
          nicolae_swamp_entry_splash_gauntlet, amcnicky_mini_pool_medium,
          serial_bayou_shore_a, grunt_megastairs_5
Lair:4:   nzn_winding_woodlands_large [nzn_winding_woodlands_5x5_cross,
          nzn_winding_woodlands_5x15_pockets, nzn_winding_woodlands_5x5_default,
          nzn_winding_woodlands_center_garden,
          nzn_winding_woodlands_15x15_killbox,
          nzn_winding_woodlands_center_diamonds,
          nzn_winding_woodlands_5x5_perimeter, nzn_winding_woodlands_5x15_eye,
          nzn_winding_woodlands_5x5_closed_star], layout_cave_pods,
          infiniplex_staircase_pool
Lair:5:   wormcave, layout_cave_pods, slime_entry_1, special_room
          [special_room_mythical_zoo], basic_altar,
          chequers_serial_rivers_room_b, chequers_serial_rivers_large_a,
          chequers_serial_rivers_micro_e, uniq_urug
Swamp:1:  layout_basic_swamp, evilmike_swamp_ruin_rubble_1, uniq_frances
Swamp:2:  layout_basic_swamp, gammafunk_ghost_wrathful_warriors,
          serial_swamp_ruin, evilmike_swamp_ruin_house_5,
          evilmike_swamp_ruin_house_1, evilmike_swamp_ruin_house_6, swamp_pool2,
          nzn_swamp_stair_ambush
Swamp:3:  layout_basic_swamp, gammafunk_ghost_cemetery,
          nicolae_swamp_small_spring, swamp_pool2
Swamp:4:  swamp_alternative, layout_basic_swamp
Spider:1: layout_spider_delve
Spider:2: layout_spider_delve
Spider:3: nicolae_spider_hilbert_zone_3 [nicolae_spider_hilbert_4_sides_2_open,
          nicolae_spider_hilbert_3_sides_1_open,
          nicolae_spider_hilbert_3_sides_1_open,
          nicolae_spider_hilbert_3_sides_1_open,
          nicolae_spider_hilbert_3_sides_1_open,
          nicolae_spider_hilbert_4_sides_1_open,
          nicolae_spider_hilbert_4_sides_1_open,
          nicolae_spider_hilbert_4_sides_1_open,
          nicolae_spider_hilbert_4_sides_1_open,
          nicolae_spider_hilbert_4_sides_1_open,
          nicolae_spider_hilbert_4_sides_1_open,
          nicolae_spider_hilbert_4_sides_1_open,
          nicolae_spider_hilbert_4_sides_1_open,
          nicolae_spider_hilbert_3_sides_1_open,
          nicolae_spider_hilbert_3_sides_1_open,
          nicolae_spider_hilbert_3_sides_1_open,
          nicolae_spider_hilbert_3_sides_1_open], uniq_nikola
Orc:1:    layout_caves
Orc:2:    st_orc_open, layout_caves, serial_shops, shop,
          nicolae_shop_behind_doors, shop
Vaults:1: vaults_mumra_hex, nicolae_vaults_network_star,
          hangedman_vaults_unwind, v_pattern_5, vaults_dpeg_hooks,
          ontoclasm_vaults_eye, vaults_dpeg_spiral,
          nicolae_vaults_network_quincunx
          [nicolae_vaults_network_quincunx_subvault,
          nicolae_vaults_network_quincunx_subvault,
          nicolae_vaults_network_quincunx_subvault,
          nicolae_vaults_network_quincunx_subvault,
          nicolae_vaults_network_quincunx_subvault], grunt_vaults_focal,
          vaults_room_hallway, nicolae_vaults_statue_guard,
          layout_vaults_omnicross
Abyss:3:  base: Temple, hangedman_abyss_river_spirits

Skill      XL: |  1  2  3  4  5  6  7  8  9 10 11 12 13 14 15 16 17 18 19 |
---------------+----------------------------------------------------------+-----
Axes           | 2 3 4 5 6 7 8 9 10 11 12 13 15 17 18 | 18.0
Fighting       | 4 5 6 7 8 9 10 11 12 13 15 | 15.0
Dodging        | 1 2 4 |  4.0
Invocations    | 4 5 9 10 | 10.0
Armour         | 4 5 6 8 9 10 14 15 17 18 19 | 19.0
Shields        | 4 6 9 10 11 12 13 14 | 14.8
Throwing       | 1 4 5 6 7 |  7.0

Action                   |  1- 3 |  4- 6 |  7- 9 | 10-12 | 13-15 | 16-18 | 19-21 || total
-------------------------+-------+-------+-------+-------+-------+-------+-------++-------
Melee: War axe           |   126 |   138 |   238 |    98 |       |    19 |       ||   619
       Broad axe         |       |       |       |   479 |   981 |  1286 |    67 ||  2813
       Demon whip        |       |       |       |       |    62 |       |       ||    62
Throw: Boomerang         |       |    10 |     5 |    39 |    50 |    92 |       ||   196
       Javelin           |       |       |       |    16 |   139 |    88 |       ||   243
Invok: Heroism           |       |       |    14 |    37 |    45 |    57 |     3 ||   156
       Finesse           |       |       |       |       |    11 |    13 |       ||    24
  Use: Scroll            |     9 |     4 |     7 |     7 |     9 |     5 |     1 ||    42
       Potion            |       |     2 |     2 |     4 |       |     1 |     1 ||    10
 Stab: Distracted        |       |       |       |     1 |       |     1 |       ||     2
Armor: Scale mail        |    35 |       |       |       |       |       |       ||    35
       Chain mail        |    58 |   121 |   161 |   387 |   336 |       |       ||  1063
       Crystal plate arm |       |       |       |       |   238 |   825 |    24 ||  1087
Dodge: Dodged            |    46 |    48 |   115 |   222 |   255 |   376 |    12 ||  1074
Block: Buckler           |    25 |    27 |    64 |    29 |       |       |       ||   145
       Kite shield       |       |       |       |   293 |   551 |   930 |    43 ||  1817
       Reflection        |       |       |       |       |       |    22 |     2 ||    24

Table legend:
 A = Non-vault XP
 B = Vault XP
 C = Vault XP percentage of total XP
 D = Non-vault monster count
 E = Vault monster count
 F = Vault count percentage of total count
                 A         B        C        D         E       F
            +---------+---------+-------+---------+---------+-------
      Total |  213679 |  110459 |  34.1 |     750 |     285 |  27.5
            +---------+---------+-------+---------+---------+-------
        D:1 |      26 |       0 |   0.0 |      18 |       0 |   0.0
        D:2 |      49 |       0 |   0.0 |      16 |       0 |   0.0
        D:3 |      60 |      15 |  20.0 |      21 |       9 |  30.0
        D:4 |     229 |       0 |   0.0 |      12 |       0 |   0.0
        D:5 |     467 |      36 |   7.2 |      15 |       1 |   6.2
        D:6 |     912 |    1122 |  55.2 |      19 |      34 |  64.2
        D:7 |    1684 |     460 |  21.5 |      32 |       2 |   5.9
        D:8 |     874 |    1463 |  62.6 |      26 |       6 |  18.8
        D:9 |    1375 |       0 |   0.0 |      11 |       0 |   0.0
       D:10 |    2472 |     572 |  18.8 |      13 |       1 |   7.1
       D:11 |    2221 |     153 |   6.4 |       5 |       5 |  50.0
       D:12 |   10602 |    1727 |  14.0 |      40 |       2 |   4.8
       D:13 |    4830 |    2184 |  31.1 |      13 |       8 |  38.1
       D:14 |    6575 |       0 |   0.0 |      12 |       0 |   0.0
       D:15 |   12757 |    9462 |  42.6 |      23 |      18 |  43.9
     Lair:1 |    4160 |     940 |  18.4 |      23 |       4 |  14.8
     Lair:2 |    5177 |    2448 |  32.1 |      22 |      12 |  35.3
     Lair:3 |    4522 |    4307 |  48.8 |      17 |       9 |  34.6
     Lair:4 |    6530 |    8682 |  57.1 |      21 |      24 |  53.3
     Lair:5 |   12555 |   12125 |  49.1 |      49 |      42 |  46.2
    Swamp:1 |   11965 |    1428 |  10.7 |      29 |       1 |   3.3
    Swamp:2 |   12641 |    4355 |  25.6 |      24 |       5 |  17.2
    Swamp:3 |   16377 |       0 |   0.0 |      30 |       0 |   0.0
    Swamp:4 |    9954 |   18069 |  64.5 |      18 |      28 |  60.9
   Spider:1 |   12153 |       0 |   0.0 |      32 |       0 |   0.0
   Spider:2 |   22682 |       0 |   0.0 |      64 |       0 |   0.0
   Spider:3 |   15096 |   13140 |  46.5 |      40 |      18 |  31.0
      Orc:1 |    7153 |    2161 |  23.2 |      44 |       7 |  13.7
      Orc:2 |    1167 |   12658 |  91.6 |      12 |      30 |  71.4
   Vaults:1 |   16229 |   12952 |  44.4 |      30 |      19 |  38.8
    Abyss:2 |    6503 |       0 |   0.0 |      12 |       0 |   0.0
    Abyss:3 |    3682 |       0 |   0.0 |       7 |       0 |   0.0
            +---------+---------+-------+---------+---------+-------
